 Dungeon Crawl Stone Soup version 0.13.1-20-gf50ca03 (webtiles) character file.

185 Kae the Ruffian (level 4, -1/36 HPs)
             Began as a Draconian Transmuter on Dec 30, 2013.
             Slain by an adder (4 damage)
             ... on Level 3 of the Dungeon.
             The game lasted 00:03:16 (1877 turns).

Kae the Ruffian (Draconian Transmuter)              Turns: 1877, Time: 00:03:17

HP  -1/36        AC  5     Str 13      XL: 4   Next:  3%
MP   4/6         EV 12     Int 14      God:
Gold 115         SH  0     Dex 11      Spells:  1 memorised,  6 levels left

Res.Fire  : + . .   See Invis. : .     - Unarmed
Res.Cold  : x . .   Warding    : .   (armour unavailable)
Life Prot.: . . .   Conserve   : .   (no shield)
Res.Poison: .       Res.Corr.  : .   (helmet restricted)
Res.Elec. : .       Clarity    : .   (no cloak)
Sust.Abil.: . .     Spirit.Shd : .   (no gloves)
Res.Mut.  : .       Stasis     : .   (boots unavailable)
Res.Rott. : .       Flight     : .   (no amulet)
Saprovore : . . .                    (no ring)
                                     s - ring of fire

@: appendage, mildly poisoned, slightly resistant to hostile enchantments,
unstealthy
A: unfitting armour, talons 3, AC +5
a: End Transformation


You were on level 3 of the Dungeon.
You were not hungry.
You had grown temporary talons.
You visited 1 branch of the dungeon, and saw 3 of its levels.

You collected 95 gold pieces.

Inventory:

Missiles
 b - 12 arrows
Comestibles
 a - a bread ration
 i - 2 lychees
 q - a chunk of rat flesh
 r - a meat ration
Scrolls
 c - 3 scrolls of remove curse {unknown}
 f - a scroll of fog {unknown}
 g - 4 scrolls of identify {unknown}
 h - 2 scrolls of noise {unknown}
 j - 2 scrolls of teleportation {unknown}
 k - a scroll of curse jewellery {unknown}
 l - a scroll of enchant armour {unknown}
 t - a scroll of enchant weapon I {unknown}
 u - a scroll of amnesia {unknown}
Jewellery
 s - a ring of fire (left hand)
Potions
 e - a potion of curing {unknown}
 m - a potion of heal wounds {unknown}
 n - a potion of might {unknown}
 o - a potion of paralysis {unknown}
 p - a potion of beneficial mutation {unknown}
Books
 d - a book of Changes

   Spells                             Type                      Level
   *Beastly Appendage                 Transmutation                1
   Sticks to Snakes                   Transmutation                2
   Spider Form                        Transmutation/Poison         3
   Ice Form                           Ice/Transmutation            4
   Blade Hands                        Transmutation                5


   Skills:
 + Level 2.0 Fighting
 - Level 1.7 Dodging
 * Level 3.9 Unarmed Combat
 + Level 2.1 Spellcasting
 * Level 3.0 Transmutations


You had 6 spell levels left.
You knew the following spells:

 Your Spells              Type           Power        Failure   Level  Hunger
a - Beastly Appendage     Trmt           ##....       10%         1    ##.....


Dungeon Overview and Level Annotations

Branches:
Dungeon (3/27)

Altars:
Cheibriados


Innate Abilities, Weirdness & Mutations

Your plain brown scales are hard (AC +5).
Your body does not fit into most forms of armour.
Your cold-blooded metabolism reacts poorly to cold.
You have claws for feet.


Message History

* * * LOW HITPOINT WARNING * * *
You feel sick. The adder closely misses you. The adder closely misses you.
Unknown command.
Unknown command.
You hit the adder but do no damage.
The adder is heavily wounded.
The adder misses you.
Unknown command.
Unknown command.
You barely miss the adder. Your kick misses the adder.
Your tail-slap misses the adder.
The adder is heavily wounded.
The adder closely misses you.
Unknown command.
Unknown command.
You miss the adder.
The adder is heavily wounded.
* * * LOW HITPOINT WARNING * * *
You feel sick. The adder bites you.
You die...

......................#
...#########..##.....
#..# .... #..# . #..#
... #..# .... #%.#
.....
#######..##.......
..........@S.......
#######.%##.......
...... $.... .....?...
.... ........... ...
#####..#### # #..# #..#
...


You could see an adder.

Vanquished Creatures
  3 adders
  An orc (D:3)
  2 ball pythons (D:2)
  2 giant cockroaches (D:1)
  9 hobgoblins
  2 kobolds
  6 bats
  4 giant newts
  9 goblins
  5 rats
43 creatures vanquished.

Notes
Turn   | Place    | Note
--------------------------------------------------------------
     0 | D:1      | Kae, the Draconian Transmuter, began the quest for the Orb.
     0 | D:1      | Reached XP level 1. HP: 16/16 MP: 1/1
   295 | D:1      | Reached XP level 2. HP: 21/23 MP: 3/3
  1232 | D:2      | Reached XP level 3. HP: 24/28 MP: 4/4
  1418 | D:2      | Noticed an agate snail
  1575 | D:2      | Found a snail-covered altar of Cheibriados.
  1872 | D:3      | Reached XP level 4. HP: 6/36 MP: 4/6
  1877 | D:3      | Slain by an adder

Action                   |  1- 3 |  4- 6 || total
-------------------------+-------+-------++-------
Melee: Unarmed           |   195 |     5 ||   200
 Cast: Beastly Appendage |     1 |       ||     1
